 Dungeon Crawl Stone Soup version 0.21-a0-525-ga34b322 (webtiles) character file.

55617 Amnesiac the Archer (level 14, -4/128 HPs)
             Began as a Mummy Hunter on Dec 7, 2017.
             Was an Elder of Okawaru.
             Killed from afar by an iron dragon (34 damage)
             ... with a spray of metal splinters
             ... on level 2 of the Depths.
             The game lasted 00:48:58 (20029 turns).

Amnesiac the Archer (Mummy Hunter)                 Turns: 20029, Time: 00:48:59

Health: -4/128     AC: 19    Str: 20    XL:     14   Next: 39%
Magic:  0/29       EV: 20    Int: 11    God:    Okawaru [****..]
Gold:   470        SH:  0    Dex: 16    Spells: 13/13 levels left

rFire    . . .     SeeInvis .   F - +9 quarterstaff of Discomfort {vamp, Dex+4}
rCold    + . .     Gourm    .   (shield currently unavailable)
rNeg     + + +     Faith    .   o - +4 scale mail {rPois} {god gift}
rPois    ∞         Spirit   +   v - +1 helmet
rElec    .         Reflect  .   f - scarf {Spirit}
rCorr    .         Harm     .   C - +0 pair of gloves
MR       +++..                  u - +0 pair of boots
Stlth    +++.......             D - amulet of Vitality {Regen+ HP+15}
HPRegen  0.71/turn              j - ring of protection from magic
MPRegen  0.21/turn              n - ring of the Twelve Lovers {rF+ rN+ MR+ MP+9 Stlth+}

@: about to teleport, heroism, finesse
A: no food or potions, fire vulnerability, cold resistance 1, negative energy
resistance 3, torment resistance, unbreathing, in touch with death 1
a: Heroism, Renounce Religion


You were on level 2 of the Depths.
You worshipped Okawaru.
Okawaru was greatly pleased with you.
You were not hungry.

You visited 3 branches of the dungeon, and saw 18 of its levels.
You visited 1 bazaar.
You also visited: Sewer.

You collected 1065 gold pieces.
You spent 595 gold pieces at shops.

Inventory:

Hand Weapons
 a - a +1 shortbow
 F - the +9 quarterstaff of Discomfort (weapon) {vamp, Dex+4}
   (You found it on level 10 of the Dungeon)

   It inflicts no extra harm, but heals its wielder when it wounds a living foe.
   It affects your dexterity (+4).
 L - the +8 whip of the Coin {freeze, Int+4, unknown}
   (You found it on level 2 of the Depths)

   It has been specially enchanted to freeze those struck by it, causing extra
   injury to most foes and up to half again as much damage against particularly
   susceptible opponents.
   It can also slow down cold-blooded creatures.
   It affects your intelligence (+4).
Missiles
 d - 302 arrows
 m - 40 poisoned needles
Armour
 f - a scarf of spirit shield (worn)
 o - a +4 scale mail of poison resistance (worn) {god gift}
 u - a +0 pair of boots (worn)
 v - a +1 helmet (worn)
 C - a +0 pair of gloves (worn)
 I - the +1 cloak of Starlight {god gift, rElec rC+ EV+4 Stlth--}
   (Okawaru gifted it to you on level 15 of the Dungeon)

   It affects your evasion (+4).
   It protects you from cold.
   It insulates you from electricity.
   It makes you much less stealthy.
Jewellery
 j - a ring of protection from magic (left hand)
 l - an uncursed ring of wizardry
 n - the ring of the Twelve Lovers (right hand) {rF+ rN+ MR+ MP+9 Stlth+}
   (You bought it in a shop in a bazaar)

   [ring of stealth]

   It protects you from fire.
   It protects you from negative energy.
   It affects your resistance to hostile enchantments.
   It affects your magic capacity (+9).
   It makes you more stealthy.
 s - an uncursed ring of flight
 w - an uncursed ring of resist corrosion
 D - the amulet of Vitality (around neck) {Regen+ HP+15}
   (You found it on level 9 of the Dungeon)

   [amulet of regeneration]

   It affects your health (+15).
   It increases your rate of regeneration.
Wands
 e - a wand of iceblast (7)
 k - a wand of acid (10)
 x - a wand of clouds (5)
 E - a wand of flame (90)
 G - a wand of disintegration (19)
Scrolls
 b - a scroll of vulnerability {!r, unknown}
 c - 2 scrolls of enchant armour {!r}
 g - 3 scrolls of fog {!r}
 h - 7 scrolls of teleportation {!r}
 i - 2 scrolls of fear {!r}
 p - 4 scrolls of remove curse {!r}
 q - 5 scrolls of amnesia {!r}
 r - a scroll of random uselessness {!r, unknown}
 t - 2 scrolls of summoning {!r, unknown}
 y - 2 scrolls of magic mapping {!r}
 z - a scroll of enchant weapon {!r, unknown}
 B - 13 scrolls of identify {!r}
 K - a scroll of brand weapon {!r, unknown}
Books
 A - the Reference Book on Cloudy Poisoning
   (You found it on level 7 of the Dungeon)

   Spells                             Type                      Level
   a - Sting                          Conjuration/Poison           1
   b - Shock                          Conjuration/Air              1
   c - Silence                        Hexes/Air                    5
   d - Alistair's Intoxication        Transmutation/Poison         5
 H - a book of Burglary

   Spells                             Type                      Level
   a - Swiftness                      Charms/Air                   2
   b - Passwall                       Transmutation/Earth          2
   c - Passage of Golubria            Translocation                4
   d - Lee's Rapid Deconstruction     Earth                        5
   e - Darkness                       Hexes                        6
   f - Invisibility                   Hexes                        6
 J - a book of Minor Magic

   Spells                             Type                      Level
   a - Magic Dart                     Conjuration                  1
   b - Blink                          Translocation                2
   c - Call Imp                       Summoning                    2
   d - Slow                           Hexes                        2
   e - Conjure Flame                  Conjuration/Fire             3
   f - Mephitic Cloud                 Conjuration/Poison/Air       3


   Skills:
 + Level 11.0(16.0) Fighting
 * Level 13.1(18.1) Bows
 + Level 9.3(14.3) Armour
 + Level 9.3(14.3) Dodging
 - Level 0.7(5.7) Stealth
 - Level 8.0 Invocations


You had 13 spell levels left.
You didn't know any spells.

Dungeon Overview and Level Annotations

Branches:
Dungeon (15/15)            Temple (1/1) D:5            Lair (0/6) D:10
    Orc (0/2) D:10         Vaults (0/5) D:14         Depths (2/5) D:15

Altars:
Ashenzari
Cheibriados
Dithmenos
Elyvilon
Fedhas
Gozag
Hepliaklqana
Kikubaaqudgha
Makhleb
Nemelex Xobeh
Okawaru
Qazlal
Ru
Sif Muna
Trog
Uskayaw
Vehumet
Wu Jian
Xom
Zin
The Shining One

Shops:
D:4 *!(   D:6 *

Portals:
Ziggurat: Depths:1


Innate Abilities, Weirdness & Mutations

You do not eat or drink.
Your flesh is vulnerable to fire.
You are immune to poison.
Your flesh is cold resistant. (rC+)
You are immune to negative energy. (rN+++)
You are immune to unholy pain and torment.
You can survive without breathing.
You are in touch with the powers of death.


Message History

The two-headed ogre hits you with a giant spiked club!!
The two-headed ogre hits you with a giant club!
The iron dragon bites you!
* * * LOW HITPOINT WARNING * * *
The iron dragon closely misses you. x2
The iron dragon breathes metal splinters at you.
The spray of metal splinters misses you.
You hear a shout! x3
You bludgeon the two-headed ogre!!
You feel better.
The two-headed ogre is moderately wounded.
You sock the two-headed ogre!
You feel better.
The two-headed ogre is severely wounded.
The two-headed ogre closely misses you.
The two-headed ogre hits you with a giant club!
You sock the two-headed ogre!
You feel better.
The two-headed ogre is almost dead.
A spriggan rider comes into view. It is wielding a spear.
You thump the two-headed ogre!
You feel better.
You kill the two-headed ogre!
Okawaru accepts your kill.
You hear a distant blaring wail to the southeast.
A spriggan berserker comes into view. It is wielding an antimagic war axe.
The spriggan berserker utters an invocation to Trog.
The spriggan berserker goes berserk!
A spriggan rider comes into view. It is wielding a spear.
Really read
h - 8 scrolls of teleportation {!r}?
As you read the scroll of teleportation {!r}, it crumbles to dust.
You feel strangely unstable.
The spriggan berserker hits you with an antimagic hand axe!!
You feel your power leaking away. The iron dragon completely misses you.
The iron dragon claws you.
* * * LOW HITPOINT WARNING * * *
The iron dragon tramples you but does no damage.
The spriggan rider hits you from afar with a spear.
* * * LOW HITPOINT WARNING * * *
Okay, then.
Okay, then.
Evoke which item? (* to show all) (? for menu, Esc to quit)
Aiming: Cloud Cone
Press: ? - help, Dir - move target cursor, f - white ugly thing
Aim: a white ugly thing (lightly wounded)
You create a blast of flame!
The spriggan berserker is engulfed in blazing flames.
The spriggan berserker closely misses you.
The white ugly thing is engulfed in blazing flames.
The iron dragon is engulfed in blazing flames.
The iron dragon bites you but does no damage.
The iron dragon completely misses you. The iron dragon barely misses you.
The spriggan berserker is engulfed in blazing flames.
The spriggan berserker hits you with an antimagic hand axe.
* * * LOW HITPOINT WARNING * * *
Unknown command.
The white ugly thing is engulfed in blazing flames.
The spriggan berserker hits you but does no damage.
The spriggan berserker is engulfed in blazing flames.
The spriggan berserker hits you with an antimagic hand axe!!
* * * LOW HITPOINT WARNING * * *
The spriggan rider hits you from afar with a spear!
* * * LOW HITPOINT WARNING * * *
The spriggan rider hits you but does no damage.
The white ugly thing is engulfed in blazing flames.
The iron dragon breathes metal splinters at you.
The spray of metal splinters hits you!
You die...

.(...#.......#...#.........#
#()......#.8...8...8.......#
#............#...#.........#
...##..####.###.###........#
....>........#...#§§.§.....+
####.#.###.8...8.^§8§§##.#.# .
...#.#.# # ..#i.i#u§§#####.#....
...+.#.. ...##.i.iDcccuO........
...#............@.#####[#####...
...+... ......#### ...uO ...#.#
###### ....o.o.. .....#
iD.#######.O. .....# u# #.
.....#### ......... .........
#........


You could see an iron dragon, a yaktaur captain, 2 ugly things, 2 spriggan
riders, a two-headed ogre, 2 spriggan berserkers and 2 yaktaurs.

Vanquished Creatures
  2 frost giants (Depths:2)
  2 stone giants
  A juggernaut skeleton (Depths:1)
  An ettin (D:15)
  Snorg (D:10)
  A quicksilver dragon skeleton (Depths:1)
  2 centaur warriors
  2 dancing weapons (D:14)
  2 death knights
  9 two-headed ogres
  An ogre mage (D:15)
  4 tengu warriors
  A vampire mage (Depths:2)
  A deep elf knight (D:15)
  A hell knight (D:15)
  2 skeletal warriors (D:12)
  An unseen horror (D:15)
  A deep elf archer (D:15)
  2 necromancers (Depths:1)
  2 deep elf magi
  15 ugly things
  4 cyclopes
  A sphinx skeleton (Depths:1)
  2 manticores
  2 gargoyles (D:14)
  4 yaktaurs (D:15)
  A komodo dragon (D:10)
  A kobold demonologist (D:15)
  A spark wasp simulacrum (Depths:1)
  4 centaur skeletons
  3 freezing wraiths
  4 demonic crawlers (D:13)
  A yaktaur skeleton (Depths:1)
  A tengu conjurer (D:15)
  6 trolls
  2 hornets
  Grinder (D:6)
  A spriggan zombie (Depths:1)
  24 yaks
  2 wyverns
  3 hogs (D:7)
  3 wraiths
  A vampire (D:13)
  3 hungry ghosts
  A human (D:7)
  A yaktaur simulacrum (Depths:1)
  5 vampire mosquitoes
  An acid dragon (D:12)
  A soldier ant (D:12)
  A water moccasin (D:14)
  A hornet zombie (D:14)
  2 black bears
  4 ice beasts
  3 sky beasts
  4 orc warriors
  5 boggarts (D:14)
  12 ogres
  2 centaurs
  A crocodile (D:13)
  A necrophage (D:9)
  4 big kobolds
  10 bullfrogs
  A wyvern zombie (D:7)
  4 scorpions
  14 killer bees
  4 wights
  2 howler monkeys
  10 jellies
  4 crimson imps
  3 centaur zombies
  A quasit (D:6)
  2 bullfrog zombies (D:11)
  8 hounds
  5 orc priests
  A bullfrog skeleton (D:11)
  Ijyb (D:3)
  5 iguanas
  5 orc wizards
  7 worker ants
  12 adders
  4 shadow imps
  5 oozes
  4 adder zombies
  2 adder skeletons
  5 worms
  4 dart slugs
  6 leopard geckos
  34 orcs
  4 ball pythons
  13 giant cockroaches
  9 hobgoblins
  6 jackals
  21 kobolds
  5 quokkas
  5 bats
  10 frilled lizards
  5 goblins
  A quokka zombie (D:5)
  10 rats
430 creatures vanquished.

Vanquished Creatures (others)
  A cyclops (D:11)
  A plant (D:10)
2 creatures vanquished.

Grand Total: 432 creatures vanquished

Notes
Turn   | Place    | Note
-------+----------+-------------------------------------------
     0 | D:1      | Amnesiac the Mummy Hunter began the quest for the Orb.
     0 | D:1      | Reached XP level 1. HP: 16/16 MP: 1/1
    88 | D:1      | Reached skill level 1 in Armour
   115 | D:1      | Reached XP level 2. HP: 19/22 MP: 2/2
   403 | D:1      | Reached XP level 3. HP: 17/27 MP: 3/3
  1595 | D:2      | Found a sparkling altar of Nemelex Xobeh.
  1640 | D:2      | Reached XP level 4. HP: 10/34 MP: 1/4
  2227 | D:3      | Found a bloodstained altar of Trog.
  2685 | D:3      | Noticed Ijyb
  2702 | D:3      | Killed Ijyb
  2863 | D:3      | Reached skill level 4 in Bows
  2886 | D:3      | Reached XP level 5. HP: 39/39 MP: 5/5
  3484 | D:4      | Found Maseirep's Distillery.
  3554 | D:4      | Found Nyim's Assorted Antiques.
  3590 | D:4      | Bought a scroll labeled OSIAHU YLUS for 26 gold pieces
  3590 | D:4      | Bought a scroll labeled ESTOUH KIACK for 26 gold pieces
  3672 | D:4      | Found a radiant altar of Vehumet.
  3904 | D:4      | Found Ysicsant's Weapon Emporium.
  3922 | D:4      | Noticed an ogre
  3931 | D:4      | Killed an ogre
  3931 | D:4      | Reached XP level 6. HP: 30/47 MP: 6/6
  4314 | D:5      | Entered Level 5 of the Dungeon
  4378 | D:5      | Found a hide-covered altar of Uskayaw.
  4561 | D:5      | Found a staircase to the Ecumenical Temple.
  4567 | Temple   | Entered the Ecumenical Temple
  4607 | Temple   | Became a worshipper of Warmaster Okawaru
  4812 | D:5      | Reached skill level 5 in Bows
  4812 | D:5      | Reached XP level 7. HP: 19/53 MP: 7/7
  4852 | D:5      | Found a glowing drain.
  4869 | D:5      | Got a crude graven amulet
  4877 | D:5      | Identified the amulet "Huajinewn" {Inacc Str+4} (You found it on level 5 of the Dungeon)
  4882 | Sewer    | Entered a sewer
  5247 | Sewer    | Reached * piety under Okawaru
  5733 | D:6      | Noticed Grinder
  5770 | D:6      | Killed Grinder
  5838 | D:6      | Reached XP level 8. HP: 19/61 MP: 8/8
  5959 | D:6      | Reached skill level 6 in Bows
  6201 | D:6      | Reached ** piety under Okawaru
  6722 | D:6      | Found Zietras's Assorted Antiques.
  6847 | D:6      | Reached skill level 5 in Fighting
  6874 | D:6      | Reached skill level 1 in Invocations
  7354 | D:7      | Noticed a cyclops
  7833 | D:7      | Reached XP level 9. HP: 39/68 MP: 7/10
  8040 | D:7      | Identified the Reference Book on Cloudy Poisoning
  8123 | D:7      | Killed a cyclops
  8123 | D:7      | Reached *** piety under Okawaru
  8123 | D:7      | Reached skill level 7 in Bows
  8471 | D:7      | You fall through a shaft for 2 floors!
  8471 | D:9      | Found a white marble altar of Elyvilon.
  8475 | D:9      | Noticed a two-headed ogre
  8511 | D:9      | Killed a two-headed ogre
  8511 | D:9      | Reached skill level 5 in Armour
  8511 | D:9      | Reached skill level 5 in Dodging
  8880 | D:7      | Reached **** piety under Okawaru
  8880 | D:7      | Reached skill level 8 in Bows
  9103 | D:7      | Reached XP level 10. HP: 61/77 MP: 12/12
  9152 | D:7      | Received a gift from Okawaru
  9430 | D:8      | Noticed a two-headed ogre
  9481 | D:8      | Killed a two-headed ogre
 11145 | D:9      | Reached ***** piety under Okawaru
 11451 | D:9      | Reached skill level 9 in Bows
 11553 | D:9      | Found the amulet of Vitality {Regen+ HP+15}
 11605 | D:9      | Received a gift from Okawaru
 11883 | D:9      | Received a gift from Okawaru
 11916 | D:9      | Found a blossoming altar of Fedhas.
 12021 | D:9      | Reached XP level 11. HP: 27/84 MP: 7/14
 12618 | D:9      | Found a glowing silver altar of Zin.
 12703 | D:10     | Entered Level 10 of the Dungeon
 12811 | D:10     | Received a gift from Okawaru
 12834 | D:10     | Found a staircase to the Lair.
 12898 | D:10     | Reached skill level 5 in Invocations
 12945 | D:10     | Noticed Snorg
 13079 | D:10     | Found a staircase to the Orcish Mines.
 13347 | D:10     | Killed Snorg
 13625 | D:10     | Got a pitted quarterstaff
 13628 | D:10     | Identified the +9 quarterstaff of Discomfort {vamp, Dex+4} (You found it on level 10 of the Dungeon)
 13688 | D:11     | Noticed a two-headed ogre
 13702 | D:11     | Killed a two-headed ogre
 13759 | D:11     | Found a gateway to a bazaar.
 13770 | Bazaar   | Entered a bazaar
 13778 | Bazaar   | Found Ririsepp's Jewellery Emporium.
 13778 | Bazaar   | Found Jixec's Book Shoppe.
 13809 | Bazaar   | Bought the ring of the Twelve Lovers {rF+ rN+ MR+ MP+9 Stlth+} for 421 gold pieces
 13823 | Bazaar   | Bought an uncursed ring of flight for 122 gold pieces
 13879 | D:11     | Received a gift from Okawaru
 13962 | D:11     | Noticed a red ugly thing
 13990 | D:11     | HP: 4/101 [something (6)]
 14327 | D:11     | Killed a red ugly thing
 14327 | D:11     | Received a gift from Okawaru
 14348 | D:11     | Reached skill level 10 in Bows
 14429 | D:11     | Noticed a deep elf mage
 14438 | D:11     | Killed a deep elf mage
 15009 | D:12     | Noticed a skeletal warrior
 15039 | D:12     | Killed a skeletal warrior
 15291 | D:12     | Reached XP level 12. HP: 94/94 MP: 16/16
 15622 | D:12     | Noticed a death knight
 15718 | D:12     | Killed a death knight
 16227 | D:13     | Noticed a centaur warrior
 16237 | D:13     | Killed a centaur warrior
 16237 | D:13     | Received a gift from Okawaru
 16240 | D:13     | Got a faintly humming shield {god gift}
 16366 | D:13     | Reached skill level 11 in Bows
 16484 | D:13     | Noticed a death knight
 16516 | D:13     | Killed a death knight
 17001 | D:14     | Found a gate to the Vaults.
 17227 | D:14     | Gained mutation: You are in touch with the powers of death. [Mummy growth]
 17227 | D:14     | Reached XP level 13. HP: 101/101 MP: 18/18
 17847 | D:15     | Entered Level 15 of the Dungeon
 17950 | D:15     | Received a gift from Okawaru
 17951 | D:15     | Found the +1 cloak of Starlight {god gift, rElec rC+ EV+4 Stlth--}
 18062 | D:15     | Found a sparkling altar of Nemelex Xobeh.
 18105 | D:15     | Noticed an ettin
 18123 | D:15     | Killed an ettin
 18152 | D:15     | Reached skill level 10 in Fighting
 18152 | D:15     | Reached skill level 12 in Bows
 18342 | D:15     | Found a staircase to the Depths.
 19262 | Depths:1 | Entered Level 1 of the Depths
 19279 | Depths:1 | Received a gift from Okawaru
 19282 | Depths:1 | Reached XP level 14. HP: 79/111 MP: 14/20
 19301 | Depths:1 | Found a gateway to a ziggurat.
 19360 | Depths:1 | Received a gift from Okawaru
 19458 | Depths:1 | Noticed a stone giant
 19477 | Depths:1 | Killed a stone giant
 19482 | Depths:1 | Noticed a green very ugly thing
 19482 | Depths:1 | Noticed a stone giant
 19483 | Depths:1 | Noticed a green very ugly thing
 19483 | Depths:1 | Noticed a green very ugly thing
 19485 | Depths:1 | Noticed a green very ugly thing
 19504 | Depths:1 | Noticed a tentacled monstrosity
 19666 | Depths:2 | Noticed a frost giant
 19691 | Depths:2 | Killed a frost giant
 19718 | Depths:2 | Noticed a stone giant
 19765 | Depths:2 | Killed a stone giant
 19897 | Depths:2 | Got a faintly glowing whip
 19934 | Depths:2 | Noticed a frost giant
 19954 | Depths:2 | Killed a frost giant
 19961 | Depths:2 | Reached skill level 13 in Bows
 19978 | Depths:2 | Noticed an iron dragon
 20029 | Depths:2 | Killed from afar by an iron dragon

Vault maps used:
D:1:      kennysheep_arrival_seaside
D:2:      overflow_temple_1_default, first_bread, st_stairs_5
D:3:      nicolae_overflow_hidden_temple, uniq_ijyb
D:4:      kennysheep_mini, serial_shops, kennysheep_little_box, shop, shop
D:5:      eat_drink_and_be_merry_uskayaw, minmay_temple_entry_hall,
          portal_sewer_entry_a
D:6:      serial_shops, nicolae_shop_waterfront, uniq_grinder
D:7:      grunt_livestock
D:9:      old_standard_altar, zin_statuary, basic_altar
D:10:     david_lair_shrubbed, kennysheep_small_circle, uniq_snorg
D:11:     serial_shops, freezing_bzr
D:12:     serial_park_tiny_1
D:13:     einodemon_crawler_minivault
D:14:     erik_vaults_1, minmay_misc_feat_x
D:15:     hangedman_depths_entry_civil_slaughter,
          hangedman_abyss_or_decor_passed, basic_altar
Temple:   nicolae_temple_elliptical
Depths:1: enter_ziggurat_a, dk_noncrumbling_3, grunt_hell_entry_dis_mu,
          serial_shops, statue_bzr, nicolae_trove_entry_path_of_doom,
          kennysheep_generic_room_13, infiniplex_staircase_pool_lava
Depths:2: grunt_x_marks_the_spot, abyss_entry_flame_altar, hell_entry,
          minmay_misc_feat_four_crosses, minmay_staircase_bubble,
          uniq_saint_roka
Bazaar:   bazaar_mystics
Sewer:    sewer_co_15_rooms

Skill      XL: |  1  2  3  4  5  6  7  8  9 10 11 12 13 14 |
---------------+-------------------------------------------+-----
Armour         | 1 2 3 4 5 6 7 8 9 |  9.3
Dodging        | 2 3 4 5 6 7 8 9 |  9.3
Bows           | 4 5 6 8 9 10 11 12 13 | 13.1
Fighting       | 3 4 5 6 7 8 9 10 11 | 11.0
Invocations    | 1 3 4 6 7 8 |  8.0
Stealth        | |  0.7

Action                   |  1- 3 |  4- 6 |  7- 9 | 10-12 | 13-15 || total
-------------------------+-------+-------+-------+-------+-------++-------
Melee: Short sword       |   135 |    51 |       |       |       ||   186
       Dagger            |       |   154 |   528 |   415 |       ||  1097
       Quarterstaff      |       |       |       |   580 |   640 ||  1220
 Fire: Shortbow          |    32 |    41 |    65 |   245 |       ||   383
       Hunting sling     |       |    37 |    10 |       |       ||    47
Throw: Stone             |       |       |    18 |       |       ||    18
Invok: Heroism           |       |       |       |     4 |    16 ||    20
       Finesse           |       |       |       |     2 |    13 ||    15
Evoke: Wand              |       |       |       |    23 |     2 ||    25
  Use: Scroll            |       |       |    12 |     5 |     2 ||    19
 Stab: Petrified         |       |       |       |       |     9 ||     9
       Distracted        |       |       |       |       |     1 ||     1
       Petrifying        |       |       |       |       |     1 ||     1
       Sleeping          |       |       |       |       |     1 ||     1
Armor: Leather armour    |    21 |       |       |       |       ||    21
       Chain mail        |       |   146 |   340 |   352 |       ||   838
       Scale mail        |       |       |       |   332 |   258 ||   590
Dodge: Dodged            |    89 |    89 |   231 |   878 |   366 ||  1653

Table legend:
 A = Spawn XP
 B = Non-spawn XP
 C = Spawn XP percentage of total XP
 D = Spawn monster count
 E = Non-spawn monster count
 F = Spawn count percentage of total count
 G = Total turns spent on level
                    A         B        C        D         E        F      G
               +---------+---------+-------+---------+---------+-------+---------
         Total |       0 |   79453 |   0.0 |       0 |     430 |   0.0 | 20029
               +---------+---------+-------+---------+---------+-------+---------
           D:1 |       0 |      66 |   0.0 |       0 |      37 |   0.0 |  1325
           D:2 |       0 |      44 |   0.0 |       0 |      12 |   0.0 |  1139
           D:3 |       0 |     105 |   0.0 |       0 |      23 |   0.0 |   971
           D:4 |       0 |     254 |   0.0 |       0 |      17 |   0.0 |  1020
           D:5 |       0 |     385 |   0.0 |       0 |      18 |   0.0 |   925
           D:6 |       0 |    1653 |   0.0 |       0 |      31 |   0.0 |  1898
           D:7 |       0 |    2643 |   0.0 |       0 |      33 |   0.0 |  1443
           D:8 |       0 |    2471 |   0.0 |       0 |      31 |   0.0 |  1707
           D:9 |       0 |    3458 |   0.0 |       0 |      27 |   0.0 |  1713
          D:10 |       0 |    3246 |   0.0 |       0 |      18 |   0.0 |   969
          D:11 |       0 |    3944 |   0.0 |       0 |      21 |   0.0 |  1032
          D:12 |       0 |    6733 |   0.0 |       0 |      21 |   0.0 |  1014
          D:13 |       0 |    8363 |   0.0 |       0 |      36 |   0.0 |  1095
          D:14 |       0 |    9082 |   0.0 |       0 |      26 |   0.0 |   973
          D:15 |       0 |   20395 |   0.0 |       0 |      43 |   0.0 |  1415
      Depths:1 |       0 |    6818 |   0.0 |       0 |      10 |   0.0 |   246
      Depths:2 |       0 |    9646 |   0.0 |       0 |       9 |   0.0 |   521
         Sewer |       0 |     147 |   0.0 |       0 |      17 |   0.0 |   486
               +---------+---------+-------+---------+---------+-------+---------
